 Dungeon Crawl Stone Soup version 0.30.0-29-ga12c61a403 (webtiles) character file.

Game seed: 12156590693830142903

344 qw the Chopper (level 6, -2/38 HPs)
             Began as a Gargoyle Fighter on June 4, 2023.
             Slain by a killer bee (7 damage)
             ... on level 4 of the Dungeon.
             The game lasted 00:01:44 (2688 turns).

qw the Chopper (Gargoyle Fighter)                   Turns: 2688, Time: 00:01:45

Health: -2/38      AC: 16    Str: 21    XL:     6   Next: 58%
Magic:  6/6        EV:  7    Int:  9    God:
Gold:   214        SH:  4    Dex:  9    Spells: 5/5 levels left

rFire   . . .        Y - +0 war axe
rCold   . . .        c - +0 buckler
rNeg    + . .        j - +0 chain mail
rPois   inf          r - +1 helmet
rElec   +            g - +0 cloak
rCorr   +            (no gloves)
SInv    +            (no boots)
Will    .....        (no amulet) Stlth
                     i - ring of see invisible
HPRegen 0.26/turn    n - ring of resist corrosion
MPRegen 0.10/turn

%: no passive effects
@: about to teleport
A: sickness immunity, AC +4, negative energy resistance 1, electricity
resistance, torment resistance 1, petrification resistance
a: no special abilities


You were on level 4 of the Dungeon.
You visited 1 branch of the dungeon, and saw 4 of its levels.

You collected 214 gold pieces.


Innate Abilities, Weirdness & Mutations

You are immune to sickness and miasma.
Your stone body is resilient. (AC +4)
You are immune to poison.
You resist negative energy. (rN+)
You are resistant to electric shocks. (rElec)
You are resistant to unholy torment.
You are immune to petrification.


   Skills:
 - Level 4.0 Fighting
 + Level 5.9 Axes
 - Level 3.2 Armour
 - Level 3.2 Shields


You had 5 spell levels left.
You didn't know any spells.
Your spell library was empty.

Inventory:

Hand Weapons
 e - a +0 morningstar
 Y - a +0 war axe (weapon)
Armour
 c - a +0 buckler (worn)
 g - a +0 cloak (worn)
 j - a +0 chain mail (worn)
 r - a +1 helmet (worn)
Jewellery
 i - a ring of see invisible (left hand)
 n - a ring of resist corrosion (right hand)
Scrolls
 k - 2 scrolls of identify
 p - 2 scrolls of teleportation
Potions
 a - 3 potions of lignification
 b - a potion of haste
 d - 2 potions of might
 h - a potion of cancellation
 m - 3 potions of curing

Dungeon Overview and Level Annotations

Branches:
Dungeon (4/15)
 Temple: D:4-7

Altars:
Cheibriados
Vehumet

Annotations:
D:2 Natasha
D:3 1 runed translucent door, qw's ghost, amateur GrFi
D:4 exclusion: 5 giant cockroaches


Message History

The killer bee is lightly wounded.
You block the killer bee's attack. x2; The killer bee closely misses you.
You closely miss the killer bee.
The killer bee is lightly wounded.
The killer bee stings you but does no damage. x2
You barely miss the killer bee.
The killer bee is lightly wounded.
The killer bee barely misses you. The killer bee closely misses you.
You closely miss the killer bee.
The killer bee is lightly wounded.
The killer bee stings you but does no damage. x2
The killer bee barely misses you.
You miss the killer bee.
The killer bee is lightly wounded.
The killer bee closely misses you. The killer bee stings you.
You miss the killer bee.
The killer bee is lightly wounded.
The killer bee stings you but does no damage.
The killer bee closely misses you. The killer bee stings you.
You miss the killer bee.
The killer bee is lightly wounded.
The killer bee barely misses you.
The killer bee stings you but does no damage.
You slash the killer bee!
The killer bee is severely wounded.
The killer bee stings you. The killer bee barely misses you.
2686 ||| READING 3 scrolls of teleportation.
As you read the scroll of teleportation, it crumbles to dust.
You feel strangely unstable.
The killer bee stings you but does no damage. x2
You miss the killer bee.
The killer bee is severely wounded.
The killer bee stings you.
The killer bee stings you but does no damage.
The killer bee barely misses you.
You completely miss the killer bee.
The killer bee is severely wounded.
The killer bee stings you but does no damage.
The killer bee stings you!
You die...

#......##.........###.# #.....
#......##...........#.#####.....
##......##...####'##.............
........'.........####.######..##
##......#########......## ##.##
#......# #.......## #..# ########
#........# ##.# ##y.......## #..
#@.........######.
#..##.............
######..##..#...######.
........######.........
###.....######..#####..
........##..#.......+..
........##......#####..
####....................
...#..##........#####...


You could see a killer bee.

Vanquished Creatures
  2 killer bees (D:4)
  A hound (D:4)
  Jessica (D:2)
  Terence (D:1)
  Natasha (D:2)
  Robin (D:3)
  6 adders
  An ufetubus (D:4)
  A worm (D:4)
  A dart slug (D:1)
  2 orcs
  6 bats
  3 endoplasms
  3 giant cockroaches
  8 hobgoblins
  5 jackals
  2 quokkas (D:1)
  7 ball pythons
  8 frilled lizards
  9 goblins
  8 kobolds
  12 rats
89 creatures vanquished.

Notes
Turn   | Place    | Note
-------+----------+-------------------------------------------
     0 | D:1      | qw the Gargoyle Fighter began the quest for the Orb.
     0 | D:1      | Reached XP level 1. HP: 14/14 MP: 1/1
     0 | D:1      | 0 ||| qw: Version: 0.2-a-107-g4668610
     0 | D:1      | 0 ||| qw: Game counter: 1209
     0 | D:1      | 0 ||| qw: Always use a shield: true
     0 | D:1      | 0 ||| qw: God list: Okawaru
     0 | D:1      | 0 ||| qw: Allow faded altars: false
     0 | D:1      | 0 ||| qw: Do Orc after D:15 true
     0 | D:1      | 0 ||| qw: Do second Lair branch before Depths: true
     0 | D:1      | 0 ||| qw: Lair rune preference: random
     0 | D:1      | 0 ||| qw: Plans: Normal, Zot:1-4, Slime:5, God:TSO, Crypt,
                  | Tomb, Abyss, Pan, Hells, Win
     0 | D:1      | 0 ||| PLANNING D:1-11
    43 | D:1      | Reached skill level 2 in Axes
    51 | D:1      | Reached XP level 2. HP: 19/19 MP: 2/2
    75 | D:1      | You fall into a shaft and drop 1 floor!
    97 | D:2      | 97 ||| UPGRADING to +0 cloak.
   102 | D:2      | 102 ||| READING scroll labelled YJIREO ZIUJYR.
   103 | D:2      | 103 ||| DRINKING 2 cyan potions.
   111 | D:2      | 111 ||| FLEEEEING.
   112 | D:2      | 112 ||| STAIRDANCE
   160 | D:1      | 160 ||| Stepping ~*~*~tactically~*~*~ (stealth).
   206 | D:1      | 206 ||| Stepping ~*~*~tactically~*~*~ (stealth).
   207 | D:1      | 207 ||| Stepping ~*~*~tactically~*~*~ (stealth).
   216 | D:1      | 216 ||| Stepping ~*~*~tactically~*~*~ (stealth).
   217 | D:1      | 217 ||| Stepping ~*~*~tactically~*~*~ (stealth).
   240 | D:1      | 240 ||| DROPPING +0 club.
   279 | D:1      | 279 ||| DROPPING +0 whip.
   306 | D:1      | 306 ||| Stepping ~*~*~tactically~*~*~ (stealth).
   330 | D:1      | Reached skill level 3 in Axes
   389 | D:1      | Reached XP level 3. HP: 23/23 MP: 3/3
   703 | D:1      | 703 ||| UPGRADING to ring of see invisible.
   704 | D:1      | 704 ||| UPGRADING to ring of resist corrosion.
   705 | D:1      | 705 ||| READING scroll labelled LETAEHA HYQ.
   706 | D:1      | 706 ||| READING scroll labelled REFOBUNAMA.
   710 | D:1      | 710 ||| DRINKING 2 white potions.
   711 | D:1      | 711 ||| DROPPING potion of degeneration.
   722 | D:2      | Noticed Terence
   725 | D:2      | 725 ||| STAIRDANCE
   730 | D:1      | HP: 4/23 [Terence/+0 morningstar (10)]
   735 | D:1      | Killed Terence
   736 | D:1      | Reached skill level 4 in Axes
   736 | D:1      | Reached XP level 4. HP: 5/28 MP: 4/4
   833 | D:1      | 833 ||| DROPPING +0 flail.
   834 | D:1      | 834 ||| UPGRADING to +0 chain mail.
   844 | D:1      | 844 ||| DROPPING +0 scale mail.
   982 | D:2      | Noticed Natasha
   983 | D:2      | 983 ||| Stepping ~*~*~tactically~*~*~ (hiding).
   984 | D:2      | 984 ||| Stepping ~*~*~tactically~*~*~ (hiding).
   993 | D:2      | Killed Natasha
  1011 | D:2      | Noticed an ogre
  1012 | D:2      | 1012 ||| FLEEEEING.
  1191 | D:2      | 1191 ||| Stepping ~*~*~tactically~*~*~ (stealth).
  1199 | D:2      | Reached XP level 5. HP: 32/32 MP: 5/5
  1395 | D:2      | Noticed Jessica
  1396 | D:2      | 1396 ||| Stepping ~*~*~tactically~*~*~ (stealth).
  1407 | D:2      | 1407 ||| Stepping ~*~*~tactically~*~*~ (hiding).
  1410 | D:2      | Killed Jessica
  1411 | D:2      | Reached skill level 5 in Axes
  1492 | D:2      | Noticed Natasha
  1493 | D:2      | 1493 ||| Stepping ~*~*~tactically~*~*~ (stealth).
  1602 | D:2      | 1602 ||| READING 4 scrolls labelled AHIOHINA GIVO.
  1603 | D:2      | 1603 ||| DRINKING 4 metallic black potions.
  1604 | D:2      | 1604 ||| READING 3 scrolls of identify.
  1604 | D:2      | 1604 ||| IDENTIFYING coppery potion
  1605 | D:2      | 1605 ||| READING 2 scrolls of identify.
  1605 | D:2      | 1605 ||| IDENTIFYING puce potion
  1720 | D:3      | 1720 ||| Stepping ~*~*~tactically~*~*~ (stealth).
  1779 | D:3      | Found a snail-covered altar of Cheibriados.
  1870 | D:3      | Noticed Robin
  1891 | D:3      | Killed Robin
  1946 | D:3      | Found a runed translucent door.
  1953 | D:3      | Noticed qw's ghost (amateur GrFi)
  2209 | D:3      | 2209 ||| UPGRADING to +1 helmet.
  2214 | D:3      | 2214 ||| DROPPING ring of wizardry.
  2215 | D:3      | 2215 ||| READING scroll labelled GOOTOE NIMUNG.
  2216 | D:3      | 2216 ||| READING scroll labelled BOLE OGRUALUNLITA.
  2217 | D:3      | 2217 ||| READING 4 scrolls of identify.
  2217 | D:3      | 2217 ||| IDENTIFYING brown potion
  2218 | D:3      | 2218 ||| READING 3 scrolls of identify.
  2218 | D:3      | 2218 ||| IDENTIFYING lumpy grey potion
  2219 | D:3      | 2219 ||| READING 2 scrolls of identify.
  2219 | D:3      | 2219 ||| IDENTIFYING murky purple potion
  2220 | D:3      | 2220 ||| DROPPING potion of brilliance.
  2221 | D:3      | 2221 ||| DROPPING potion of flight.
  2222 | D:3      | 2222 ||| DROPPING potion of invisibility.
  2259 | D:4      | Reached XP level 6. HP: 35/38 MP: 6/6
  2506 | D:4      | Found a radiant altar of Vehumet.
  2644 | D:4      | HP: 9/38 [killer bee (1)]
  2645 | D:4      | 2645 ||| READING 4 scrolls of teleportation.
  2685 | D:4      | HP: 8/38 [killer bee (3)]
  2686 | D:4      | 2686 ||| READING 3 scrolls of teleportation.
  2688 | D:4      | Slain by a killer bee

Levels and vault maps discovered:
D:1:      evilmike_arrival_crescent, layout_rooms, st_stairs_5
D:2:      cheibrodos_old_hovel, layout_loops_ring, lightli_corner_chamber,
          uniq_terence, uniq_jessica, uniq_natasha
D:3:      layout_rooms, marbit_many_paths, gammafunk_ghost_grave,
          hangedman_decor_clover_reticule, uniq_robin
D:4:      layout_basic, mainiacjoe_overflow_concentric_impassable,
          minmay_misc_feat_square, minivault_23, hangedman_decor_growths,
          uniq_pikel

Skill      XL: |  1  2  3  4  5 |
---------------+----------------+-----
Axes           | 2 3 4 5 |  5.9
Fighting       | 4 |  4.0
Armour         | |  3.2
Shields        | |  3.2

Action                     |  1- 3 |  4- 6 || total
---------------------------+-------+-------++-------
  Melee: War axe           |    92 |   155 ||   247
    Use: Scroll            |     3 |    10 ||    13
         Potion            |     2 |     1 ||     3
 Armour: Scale mail        |    43 |       ||    43
         Chain mail        |       |   116 ||   116
  Dodge: Dodged            |    43 |    72 ||   115
  Block: Buckler           |    13 |    25 ||    38

Table legend:
 A = Non-vault XP
 B = Vault XP
 C = Vault XP percentage of total XP
 D = Non-vault monster count
 E = Vault monster count
 F = Vault count percentage of total count
                 A         B        C        D         E       F
            +---------+---------+-------+---------+---------+-------
      Total |     346 |     146 |  29.7 |      71 |      18 |  20.2
            +---------+---------+-------+---------+---------+-------
        D:1 |      60 |      38 |  38.8 |      32 |       3 |   8.6
        D:2 |      81 |      73 |  47.4 |      24 |       3 |  11.1
        D:3 |      23 |      35 |  60.3 |       8 |      12 |  60.0
        D:4 |     182 |       0 |   0.0 |       7 |       0 |   0.0
            +---------+---------+-------+---------+---------+-------
